 Dungeon Crawl Stone Soup version 0.20-a0-945-g3bf614a (webtiles) character file.

65 Krakonus1 the Sneak (level 4, -2/31 HPs)
             Began as an Octopode Fighter on Apr 1, 2017.
             Slain by a gnoll
             ... wielding a +0 spear
              (11 damage)
             ... on level 2 of the Dungeon.
             The game lasted 00:04:33 (692 turns).

Krakonus1 the Sneak (Octopode Fighter)               Turns: 692, Time: 00:04:34

Health: -2/31      AC:  1    Str: 15    XL:     4   Next: 14%
Magic:  4/4        EV: 11    Int: 10    God:
Gold:   52         SH:  8    Dex: 12    Spells: 3/3 levels left

rFire    . . .     SeeInvis .   a - +0 long sword
rCold    . . .     Gourm    .   b - +0 shield
rNeg     . . .     Faith    .   (helmet restricted)
rPois    +         Spirit   .   (no amulet)
rElec    .         Reflect  .   j - ring of flight
rCorr    .         Harm     .   k - ring of poison resistance
MR       .....                  (no ring)
Stlth    ++++......             (no ring)
Regen    0.1/turn               (no ring)
MPRegen  0.1/turn               (no ring)
                                (no ring)
                                (no ring)

@: no status effects
A: almost no armour, stealthy swim, amphibious, 8 rings, constrict 8, camouflage
1, gelatinous body 1
a: Evoke Flight


You were on level 2 of the Dungeon.
You were not hungry.

You visited 1 branch of the dungeon, and saw 2 of its levels.

You collected 52 gold pieces.

Inventory:

Hand Weapons
 a - a +0 long sword (weapon)
Armour
 b - a +0 shield (worn)
Jewellery
 j - a ring of flight (left tentacle)
 k - a ring of poison resistance (right tentacle)
Potions
 c - a potion of might
 g - a potion of cancellation {unknown}
 h - a potion of agility
 m - a potion of degeneration {unknown}
Comestibles
 d - a bread ration
 f - 4 chunks of flesh
 l - a meat ration


   Skills:
 - Level 3.0 Fighting
 - Level 2.0 Long Blades
 - Level 3.0 Dodging
 * Level 5.3 Stealth
 - Level 3.0 Shields


You had 3 spell levels left.
You didn't know any spells.

Dungeon Overview and Level Annotations

Branches:
Dungeon (2/15)

Altars:
Trog


Innate Abilities, Weirdness & Mutations

You cannot wear most types of armour.
You are very stealthy in the water. (Stealth+)
You are amphibious.
You can wear up to eight rings at the same time.
You can use your tentacles to constrict eight enemies at once.
Your skin changes colour to match your surroundings (Stealth+).
Your rubbery body absorbs attacks. (AC +1, EV +1)


Message History

You feel strangely unstable.
It was a scroll of teleportation.
The adder bites you. The kobold hits you with a short sword.
* * * LOW HITPOINT WARNING * * *
You block the gnoll's attack. The adder closely misses you.
Okay, then.
The gnoll barely misses you.
Your surroundings suddenly seem different.
Found a leather armour.
You start resting.
A gnoll is nearby!
Found 24 stones.
You are too injured to fight recklessly!
You are too injured to fight recklessly!
The gnoll closely misses you.
You riposte.
You closely miss the gnoll. You grab the gnoll.
You squeeze the gnoll, but do no damage.
You hit the gnoll.
The gnoll is moderately wounded.
You constrict the gnoll. The gnoll hits you with a spear!
You die...

#..!S...(<...
#........####
#########........# *
#[..............## *
#.........#######****
#.........#*,* *,,,,,
#.........+,,* *,****
#....g.#####*********
#...@.......,,,,,,,,,
#......#...#,,,*,,,*,
######......,,,,,,,,,
*##..(#,,,*,,,*,
*,,...,,,,,,,,,
****##*********


You could see a gnoll.

Vanquished Creatures
  An adder (D:2)
  3 gnolls (D:2)
  An ooze (D:1)
  2 dart slugs (D:1)
  2 leopard geckos (D:1)
  2 goblins (D:1)
  2 hobgoblins
  2 kobolds
  A ball python (D:1)
  A bat (D:2)
  A frilled lizard (D:2)
  4 rats
22 creatures vanquished.

Notes
Turn   | Place    | Note
-------+----------+-------------------------------------------
     0 | D:1      | Krakonus1 the Octopode Fighter began the quest for the Orb.
     0 | D:1      | Reached XP level 1. HP: 16/16 MP: 1/1
    11 | D:1      | Reached skill level 1 in Stealth
    72 | D:1      | Reached skill level 2 in Stealth
    72 | D:1      | Reached XP level 2. HP: 11/21 MP: 2/2
   297 | D:1      | Reached skill level 3 in Stealth
   580 | D:2      | Reached XP level 3. HP: 26/26 MP: 3/3
   626 | D:2      | Found a bloodstained altar of Trog.
   644 | D:2      | Reached skill level 4 in Stealth
   673 | D:2      | Reached skill level 5 in Stealth
   676 | D:2      | Reached XP level 4. HP: 21/31 MP: 4/4
   692 | D:2      | Slain by a gnoll

Vault maps used:
D:1:      minmay_arrival_statue_studded
D:2:      bloody_trog, lemuel_coloured_pillars_altar, first_bread

Skill      XL: |  1  2  3 |
---------------+----------+-----
Stealth        | 2 3 5 |  5.3
Fighting       | |  3.0
Long Blades    | |  2.0
Dodging        | |  3.0
Shields        | |  3.0

Action                   |  1- 3 |  4- 6 || total
-------------------------+-------+-------++-------
Melee: Long sword        |    42 |     1 ||    43
       Tentacles         |     9 |     1 ||    10
       Constrict         |    13 |     1 ||    14
  Use: Scroll            |     1 |     2 ||     3
 Stab: Sleeping          |     4 |       ||     4
Armor: Skin              |     5 |       ||     5
Dodge: Dodged            |    12 |     3 ||    15
Block: Shield            |    16 |     3 ||    19
       Rpst.: Long sword |     1 |     1 ||     2
